 Dungeon Crawl Stone Soup version 0.31-a0-662-g684573625c (webtiles) character file.

Game seed: 11452622197044331069

35560 Dittersdorf the Warrior (level 13, -1/96 HPs)
             Began as a Gargoyle Fighter on Aug 31, 2023.
             Was an Initiate of Gozag.
             Killed from afar by a molten gargoyle (8 damage)
             ... with a bolt of magma
             ... in a volcano.
             The game lasted 00:29:56 (16039 turns).

Dittersdorf the Warrior (Gargoyle Fighter)         Turns: 16039, Time: 00:29:57

Health: -1/96      AC: 43    Str: 31    XL:     13   Next: 84%
Magic:  0/22       EV:  7    Int:  9    God:    Gozag
Gold:   3382       SH: 16    Dex:  9    Spells: 12/12 levels left

rFire   . . .        C - +1 morningstar (protect)
rCold   + . .        D - +0 tower shield
rNeg    + . .        s - +0 plate armour
rPois   ∞            a - +2 hat {SInv}
rElec   +            n - +2 cloak
rCorr   .            b - +2 pair of gloves of Tender Moments {rC+}
SInv    +            B - +0 pair of boots
Will    .....        k - amulet of guardian spirit Stlth
                     l - ring of magical power
HPRegen 0.36/turn    F - +6 ring of strength
MPRegen 0.18/turn

%: guardian spirit
@: mighty, under a protective aura
A: sickness immunity, AC +9, negative energy resistance 1, electricity
resistance, torment resistance 1, petrification resistance
a: Renounce Religion, Potion Petition, Call Merchant, Bribe Branch


You were in a volcano.
You worshipped Gozag.
Gozag was most pleased with you.
You visited 3 branches of the dungeon, and saw 15 of its levels.
You also visited: Gauntlet and Volcano.

You collected 3455 gold pieces.
You paid 73 gold pieces to Gozag.

Inventory:

Hand Weapons
 r - a +0 morningstar
 C - a +1 morningstar of protection (weapon)
Missiles
 H - 5 curare-tipped darts (quivered)
Armour
 a - a +2 hat of see invisible (worn)
 b - the +2 pair of gloves of Tender Moments (worn) {rC+}
   (You found it on level 2 of the Lair of Beasts)

   rC+:       It protects you from cold.
 n - a +2 cloak (worn)
 s - a +0 plate armour (worn)
 B - a +0 pair of boots (worn)
 D - a +0 tower shield (worn)
Jewellery
 k - an amulet of guardian spirit (around neck)
 l - a ring of magical power (left hand)
 p - a ring of ice
 F - a +6 ring of strength (right hand)
Wands
 j - a wand of digging (4)
 u - a wand of roots (16)
 G - a wand of acid (1)
 M - a wand of polymorph (7)
Scrolls
 e - 8 scrolls of teleportation
 i - a scroll of revelation
 q - a scroll of enchant armour
 K - a scroll of fear
Potions
 d - a potion of might
 f - 7 potions of curing
 g - 5 potions of haste
 h - 5 potions of mutation
 m - 7 potions of ambrosia
 o - a potion of attraction {unknown}
 t - 2 potions of resistance {unknown}
 v - 3 potions of brilliance {unknown}
 w - a potion of lignification {unknown}
 x - 2 potions of berserk rage {unknown}
 z - 3 potions of enlightenment
 A - 3 potions of heal wounds
 E - a potion of magic
 I - 3 potions of cancellation
Miscellaneous
 y - a lightning rod (4/4)
 N - a box of beasts
 O - a phial of floods


   Skills:
 + Level 17.0 Fighting
 + Level 12.0 Maces & Flails
 + Level 13.3 Armour
 + Level 13.3 Shields


You had 12 spell levels left.
You didn't know any spells.
Your spell library contained the following spells:

 Spells                   Type           Power      Damage    Failure   Level
 Shock                    Conj/Air       0%         1d3       99%         1
 Lesser Beckoning         Tloc           0%         N/A       100%        2
 Static Discharge         Conj/Air       0%         2-2/arc   100%        2
 Call Canine Familiar     Summ           0%         N/A       100%        3
 Dazzling Flash           Conj/Hex       0%         N/A       100%        3
 Gell's Gravitas          Tloc           0%         N/A       100%        3
 Inner Flame              Hex/Fire       0%         N/A       100%        3
 Portal Projectile        Hex/Tloc       0%         N/A       100%        3
 Swiftness                Air            0%         N/A       100%        3
 Teleport Other           Tloc           0%         N/A       100%        3
 Airstrike                Air            0%         2d(0-16)  100%        4
 Anguish                  Hex/Necr       0%         N/A       100%        4
 Cause Fear               Hex            0%         N/A       100%        4
 Flame Wave               Conj/Fire      0%         2d4       100%        4
 Leda's Liquefaction      Hex/Erth       0%         N/A       100%        4
 Sticky Flame             Conj/Fire      0%         2d3       100%        4
 Summon Lightning Spire   Summ/Air       0%         N/A       100%        4
 Agony                    Necr           0%         N/A       100%        5
 Silence                  Hex/Air        0%         N/A       100%        5
 Conjure Ball Lightning   Conj/Air       0%         3x3d6     100%        6
 Enfeeble                 Hex            0%         N/A       100%        7
 Discord                  Hex            0%         N/A       100%        8
 Disjunction              Tloc           0%         N/A       100%        8


Dungeon Overview and Level Annotations

Branches:
Dungeon (10/15)            Temple (1/1) D:4            Lair (4/5) D:8
  Swamp (0/4) Lair:3          Orc (0/2) D:9         Volcano (1/1)
Gauntlet (visited)
  Snake: Lair:2-3    Spider: Lair:2-3     Slime: Lair:4-5

Altars:
Ashenzari
Cheibriados
Dithmenos
Elyvilon
Fedhas
Gozag
Hepliaklqana
Kikubaaqudgha
Makhleb
Nemelex Xobeh
Okawaru
Qazlal
Ru
Sif Muna
Trog
Uskayaw
Vehumet
Wu Jian
Xom
Yredelemnul
Zin
The Shining One

Shops:
D:5 ?   D:10 *


Innate Abilities, Weirdness & Mutations

You are immune to sickness and miasma.
Your stone body is resilient. (AC +9)
You are immune to poison.
You resist negative energy. (rN+)
You are resistant to electric shocks. (rElec)
You are resistant to unholy torment.
You are immune to petrification.


Message History

You miss the orc knight.
The orc knight hits you but does no damage.
The molten gargoyle blasts magma at you!
The bolt of magma hits you but does no damage.
You hit the orc knight.
Your weapon exudes an aura of protection.
The orc knight is lightly wounded.
You feel less invigorated.
You feel less confused. You block the orc knight's attack.
The molten gargoyle blasts magma at you!
The bolt of magma hits you.
* * * LOW HITPOINT WARNING * * *
The molten gargoyle blasts magma at you!
The bolt of magma hits you but does no damage.
The orc knight barely misses you.
You barely miss the orc knight.
The orc knight is lightly wounded.
You block the molten gargoyle's attack.
The molten gargoyle hits you but does no damage.
The orc knight hits you but does no damage.
You impale the orc knight!!
The orc knight is severely wounded.
The molten gargoyle hits you but does no damage.
A molten gargoyle comes into view. It is wielding a +0 flail.
You block the molten gargoyle's attack.
The orc knight hits you but does no damage.
You closely miss the orc knight.
The orc knight is severely wounded.
You block the molten gargoyle's attack.
The orc knight hits you with a +2 dire flail of flaming.
* * * LOW HITPOINT WARNING * * *
The orc knight burns you.
You puncture the orc knight!
The orc knight is severely wounded.
You block the molten gargoyle's attack.
The molten gargoyle blasts magma at you!
The bolt of magma hits you!
You die...
Your body crumbles into a pile of gold.

#.)####..# #..# #..# #..#
#... #.(####..# ##.... §
#.)##.'.(# #...9 ..
#..####.(# #..##~#
#..####..# ##.#~~~##
#..##.'..###..~~~§~#
#..####..##..#~~~§~~~
#######..# #..#@9#~~~~~~~~
.8..8##..####..o9.~~~~~§~~~
.....'.8...8#..'.#~~~~~~~##
.....)......####..~~~~~###
.∩...#..⌠...# ########~~
.....+......#### §~~
.....+.8...8#..+ ~#
.8..8##..####..+ #######..#
#..#


You could see an orc knight and 3 molten gargoyles.

Vanquished Creatures
  Gastronok (Lair:2)
  A minotaur (Gauntlet)
  Josephine (D:9)
  Erolcha (D:10)
  A hydra (Lair:4)
  A boulder beetle (Lair:2)
  5 skysharks
  A death drake (Gauntlet)
  Pikel (D:4)
  A wolf spider zombie (Gauntlet)
  A deep elf pyromancer (D:9)
  A wizard (Volcano)
  7 elephants
  4 cyclopes (Volcano)
  2 salamanders (Volcano)
  A spectral centaur (Gauntlet)
  A black mamba (Lair:1)
  A torpor snail (Lair:2)
  7 cane toads
  2 molten gargoyles (Volcano)
  A gargoyle (Volcano)
  Maggie (D:10)
  A rime drake (Lair:2)
  5 komodo dragons
  An efreet (Gauntlet)
  A queen bee (D:10)
  A hornet (D:4)
  15 blink frogs
  6 wraiths
  7 wyverns
  20 yaks
  Grum (D:8)
  3 fire elementals (Gauntlet)
  2 basilisks
  2 steam dragons
  A hell hound (Gauntlet)
  6 water moccasins
  3 ice beasts
  2 sky beasts
  An orc warrior (D:9)
  A black bear (D:7)
  2 ogres
  25 wolves
  A centaur (D:9)
  A phantom (D:6)
  2 kobold brigands
  9 bullfrogs
  A scorpion (D:4)
  3 wights
  26 killer bees
  2 howler monkeys (D:8)
  2 gnoll boudas
  8 hounds
  A jelly (D:6)
  Crazy Yiuf (D:6)
  3 orc priests
  5 iguanas
  4 orc wizards
  27 gnolls
  3 adders
  2 shadow imps
  2 white imps
  3 worms
  5 dart slugs
  23 orcs
  4 endoplasms
  3 giant cockroaches
  12 goblins
  9 hobgoblins
  7 jackals
  6 quokkas
  8 ball pythons
  7 bats
  3 frilled lizards
  18 kobolds
  5 rats
365 creatures vanquished.

Vanquished Creatures (others)
  2 orcs (D:6)
2 creatures vanquished.

Grand Total: 367 creatures vanquished

Notes
Turn   | Place    | Note
-------+----------+-------------------------------------------
     0 | D:1      | Dittersdorf the Gargoyle Fighter began the quest for the
                  | Orb.
     0 | D:1      | Reached XP level 1. HP: 14/14 MP: 1/1
    47 | D:1      | Reached XP level 2. HP: 19/19 MP: 2/2
   421 | D:1      | Reached XP level 3. HP: 23/23 MP: 3/3
   877 | D:2      | Reached XP level 4. HP: 9/29 MP: 1/4
  1075 | D:2      | Found a faded altar of an unknown god.
  1306 | D:2      | Reached skill level 4 in Fighting
  1719 | D:3      | Reached XP level 5. HP: 33/33 MP: 5/5
  2740 | D:4      | Reached XP level 6. HP: 39/39 MP: 6/6
  2782 | D:4      | Found a staircase to the Ecumenical Temple.
  2792 | Temple   | Entered the Ecumenical Temple
  2800 | Temple   | Became a worshipper of Gozag Ym Sagoz the Greedy
  3072 | D:4      | Found an iron altar of Okawaru.
  3474 | D:4      | Noticed a hornet
  3496 | D:4      | Killed a hornet
  3497 | D:4      | Reached skill level 5 in Fighting
  3497 | D:4      | Reached skill level 5 in Armour
  3497 | D:4      | Reached skill level 5 in Shields
  3497 | D:4      | Reached XP level 7. HP: 31/44 MP: 7/7
  3852 | D:5      | Entered Level 5 of the Dungeon
  3868 | D:5      | Noticed Pikel
  3891 | D:4      | Killed Pikel
  3892 | D:4      | Reached skill level 6 in Fighting
  3892 | D:4      | Reached skill level 5 in Maces & Flails
  3892 | D:4      | Reached XP level 8. HP: 31/52 MP: 8/8
  3982 | D:5      | Reached skill level 7 in Fighting
  4479 | D:5      | Found Qyaj's Magic Scroll Shop.
  5238 | D:6      | Reached skill level 8 in Fighting
  5258 | D:6      | Reached XP level 9. HP: 17/59 MP: 8/9
  6137 | D:6      | Found a runed translucent door.
  6138 | D:6      | Noticed Crazy Yiuf
  6144 | D:6      | Killed Crazy Yiuf
  6319 | D:6      | Reached skill level 9 in Fighting
  6515 | D:7      | HP: 3/61 [gnoll/+0 halberd[a gnoll bouda] (5)]
  6520 | D:7      | HP: 3/61 [orc/+0 club (1)]
  7220 | D:7      | Reached skill level 10 in Fighting
  7371 | D:7      | Found an ornate altar of the Wu Jian Council.
  7619 | D:7      | Reached XP level 10. HP: 67/68 MP: 10/10
  7809 | D:8      | Noticed Grum
  7854 | D:8      | Killed Grum
  7855 | D:8      | Reached skill level 11 in Fighting
  7995 | D:8      | You fall into a shaft and drop 2 floors!
  7995 | D:10     | Entered Level 10 of the Dungeon
  8090 | D:8      | Found a staircase to the Lair.
  8747 | D:9      | Noticed a deep elf pyromancer
  8756 | D:9      | Killed a deep elf pyromancer
  8922 | D:9      | Found a staircase to the Orcish Mines.
  9411 | D:10     | Noticed Josephine
  9450 | D:9      | Killed Josephine
  9451 | D:9      | Reached skill level 12 in Fighting
  9592 | D:9      | Reached XP level 11. HP: 29/76 MP: 11/11
  9805 | D:10     | Found Cugholy's Demolitions Depot.
  9805 | D:10     | Noticed Erolcha
  9817 | D:10     | Killed Erolcha
  9866 | D:10     | Noticed Maggie
  9881 | D:10     | Killed Maggie
  9882 | D:10     | Reached skill level 10 in Armour
 10004 | D:10     | Reached skill level 13 in Fighting
 10004 | D:10     | Reached skill level 10 in Shields
 11351 | D:10     | Found a sacrificial altar of Ru.
 11442 | D:10     | Found a burning altar of Makhleb.
 11586 | Lair:1   | Entered Level 1 of the Lair of Beasts
 11610 | Lair:1   | Found a gate leading to a gauntlet.
 11627 | Gauntlet | Entered a Gauntlet
 11627 | Gauntlet | Found a transporter.
 11635 | Gauntlet | Found a runed translucent door.
 11636 | Gauntlet | Found a transporter.
 11637 | Gauntlet | Found a transporter.
 11637 | Gauntlet | Noticed an orange crystal statue
 11637 | Gauntlet | Noticed a thrashing horror
 11638 | Gauntlet | Found a transporter.
 11641 | Gauntlet | Found a transporter.
 11642 | Gauntlet | Found a transporter.
 11650 | Gauntlet | Found a transporter.
 11651 | Gauntlet | Found a transporter.
 11670 | Gauntlet | Found a transporter.
 11687 | Gauntlet | Found a transporter.
 11691 | Gauntlet | Found a transporter.
 11691 | Gauntlet | Noticed a death drake
 11700 | Gauntlet | Found a transporter.
 11746 | Gauntlet | Found a runed translucent door.
 11848 | Gauntlet | Killed a death drake
 11860 | Gauntlet | Reached skill level 14 in Fighting
 11910 | Gauntlet | Identified the ring "Qebenug" {Wiz Drain rC++}
 12268 | Gauntlet | Identified the +1 broad axe "Aleenevita" {venom, rElec rC+
                  | Int+4}
 12268 | Gauntlet | Noticed a minotaur
 12282 | Gauntlet | Killed a minotaur
 12283 | Gauntlet | Reached XP level 12. HP: 45/86 MP: 10/12
 12560 | Lair:1   | Reached skill level 10 in Maces & Flails
 12859 | Lair:1   | Reached skill level 15 in Fighting
 13833 | Lair:2   | Noticed a skyshark
 14088 | Lair:2   | Killed a skyshark
 14249 | Lair:2   | Noticed a skyshark
 14257 | Lair:2   | Killed a skyshark
 14258 | Lair:2   | Reached skill level 16 in Fighting
 14286 | Lair:2   | Noticed a skyshark
 14298 | Lair:2   | Noticed a boulder beetle
 14301 | Lair:2   | Killed a skyshark
 14315 | Lair:2   | Noticed Gastronok
 14336 | Lair:2   | Reached XP level 13. HP: 49/94 MP: 12/13
 14723 | Lair:2   | Killed Gastronok
 14996 | Lair:2   | Identified the +2 pair of gloves of Tender Moments {rC+}
 15068 | Lair:2   | You fall into a shaft and drop 2 floors!
 15727 | Lair:3   | Found a dark tunnel.
 15740 | Volcano  | Entered a volcano
 15950 | Volcano  | Reached skill level 17 in Fighting
 16029 | Volcano  | HP: 4/96 [orc knight/+2 dire flail of flaming (4)]
 16033 | Volcano  | HP: 1/96 [molten gargoyle/+3 heavy mace (11)]
 16039 | Volcano  | Killed from afar by a molten gargoyle

Illustrated notes

Levels and vault maps discovered:
D:1:      dpeg_arrival_tiny_a, layout_loops_ring
D:2:      layout_loops_ring, shapermc_ecumenical_altar_mp_urbaneastern,
          kennysheep_generic_room_13
D:3:      layout_loops_cross, minivault_5, minmay_misc_feat_alley
D:4:      layout_loops_corners, okawaru_altar_gauntlet_db,
          minmay_temple_entry_large_hall, chequers_garden, minmay_manual_moon
D:5:      layout_basic, serial_shops, nicolae_shop_rolled_up,
          corexii_leaking_fountain, uniq_pikel
D:6:      layout_gridville, uniq_crazy_yiuf_cottage
D:7:      layout_cave_pools, mainiacjoe_overflow_24_doors, serial_rivers,
          chequers_serial_rivers_marsh, chequers_serial_rivers_micro_b,
          chequers_serial_rivers_small_3, chequers_serial_rivers_marsh,
          chequers_serial_rivers_micro_a
D:8:      layout_basic, david_lair_shrubbed, uniq_grum
D:9:      layout_irregular_city, orc_0_dummy, minmay_librarian
D:10:     layout_loops_corners, nicolae_ru_path_of_blood, lemuel_round_altar,
          nicolae_blasting_shop, abandoned_shop, minivault_7, uniq_erolcha,
          uniq_maggie, uniq_josephine
Temple:   nicolae_temple_no_exploring_needed
Lair:1:   layout_cave_pods, gauntlet_entry_generic, serial_bayou_pond_d
Lair:2:   layout_regular_city, guppyfry_snake_entry_garden,
          pdpol_lair_neglected_garden, grunt_megastairs_3, uniq_gastronok
Lair:3:   nzn_winding_woodlands_three_and_one
          [nzn_winding_woodlands_5x15_pathside_ponds,
          nzn_winding_woodlands_5x15_zeroes,
          nzn_winding_woodlands_5x15_longhouse,
          nzn_winding_woodlands_center_garden], layout_long_grid, swamp_mist,
          nicolae_volcano_entry_vermiform, st_stairs_13
Lair:4:   layout_long_grid, infiniplex_staircase_pool
Volcano:  hellmonk_zot_springs

Skill      XL: |  1  2  3  4  5  6  7  8  9 10 11 12 13 |
---------------+----------------------------------------+-----
Armour         | 4 5 6 8 9 11 12 13 | 13.3
Fighting       | 4 5 6 8 10 12 14 16 17 | 17.0
Shields        | 4 5 6 8 9 11 12 13 | 13.3
Maces & Flails | 3 4 5 7 8 9 11 12 | 12.0

Action                     |  1- 3 |  4- 6 |  7- 9 | 10-12 | 13-15 || total
---------------------------+-------+-------+-------+-------+-------++-------
  Melee: Flail             |   144 |   269 |   463 |   500 |       ||  1376
         Morningstar       |       |       |       |   409 |   299 ||   708
  Throw: Dart              |       |       |     2 |     8 |     7 ||    17
  Evoke: Wand              |       |       |       |    70 |       ||    70
    Use: Scroll            |       |     6 |     4 |    13 |     2 ||    25
         Potion            |       |       |       |     2 |     6 ||     8
   Stab: Distracted        |       |       |       |     1 |     2 ||     3
 Armour: Scale mail        |   110 |    18 |       |       |       ||   128
         Chain mail        |       |   187 |   540 |    94 |       ||   821
         Plate armour      |       |       |       |  1064 |   387 ||  1451
  Dodge: Dodged            |    99 |   133 |   248 |   398 |   110 ||   988
  Block: Buckler           |    37 |    79 |   152 |   425 |   110 ||   803
         Tower shield      |       |       |       |       |    60 ||    60

Table legend: (Time is in decaauts)
 A = Elapsed time spent in this place.
 B = Non-inter-level travel time spent in this place.
 C = Inter-level travel time spent in this place.
 D = Time resting spent in this place.
 E = Time spent auto-exploring this place.
 F = Levels seen in this place.
 G = Mean time per level.
                   A        B        C        D        E       F      G
               +--------+--------+--------+--------+--------+-----+--------+
         Total |  16387 |  15639 |    748 |   3203 |   7921 |  17 |  963.9 |
       Dungeon |  11872 |  11186 |    686 |   2001 |   6214 |  10 | 1187.2 |
        Temple |     16 |      2 |     14 |      0 |      0 |   1 |   16.0 |
          Lair |   3416 |   3369 |     47 |    733 |   1541 |   4 |  854.0 |
       Volcano |    300 |    300 |      0 |    100 |     23 |   1 |  300.0 |
      Gauntlet |    781 |    781 |      0 |    368 |    143 |   1 |  781.0 |
               +--------+--------+--------+--------+--------+-----+--------+

Top non-repeatable levels by time:
  Lair:1: 1944 daAuts
    D:10: 1780 daAuts
     D:6: 1691 daAuts
     D:9: 1436 daAuts
     D:4: 1369 daAuts
     D:5: 1037 daAuts
     D:3: 998 daAuts
     D:7: 967 daAuts
     D:1: 897 daAuts
     D:2: 866 daAuts
     D:8: 826 daAuts
  Lair:2: 807 daAuts
Gauntlet: 781 daAuts
  Lair:4: 523 daAuts
 Volcano: 300 daAuts
